 Dungeon Crawl Stone Soup version 0.17-a0-1373-g64d4c99 (webtiles) character file.

167 Chiseanne the Digger (level 5, -1/38 HPs)
             Began as a Centaur Earth Elementalist on June 13, 2015.
             Slain by Grinder (2 damage)
             ... while paralysed by Grinder
             ... on level 3 of the Dungeon.
             The game lasted 00:14:28 (5403 turns).

Chiseanne the Digger (Centaur Earth Elementalist)   Turns: 5403, Time: 00:14:28

Health: -1/38      AC:  7    Str: 12    XL:     5   Next: 23%
Magic:  9/9        EV:  1    Int: 15    God:
Gold:   56         SH:  0    Dex: 10    Spells: 3 memorised, 4 levels left

rFire  . . .     SeeInvis .     a - +1 spear (pierce)
rCold  . . .     Clarity  .     b - +0 robe
rNeg   . . .     SustAt   .     (no shield)
rPois  .         Gourm    .     u - +2 helmet
rElec  .         Spirit   .     (no cloak)
rCorr  .         Warding  .     (no gloves)
rMut   .         Stasis   .     (no barding)
MR     .....                    (no amulet)
Stlth  +.........               (no ring)
                                s - +2 ring of strength

@: paralysed, very quick, not resistant to hostile enchantments, very unstealthy
A: hooves 3, deformed body, speed 2, tough skin 3
a: no special abilities


You were on level 3 of the Dungeon.
You were not hungry.

You visited 1 branch of the dungeon, and saw 3 of its levels.

You collected 56 gold pieces.

Inventory:

Hand weapons
 a - a +1 spear of piercing (weapon)
Missiles
 e - 23 poisoned needles
 i - 14 arrows
 j - 112 stones (quivered)
 m - 43 sling bullets
 t - 22 bolts
Armour
 b - a +0 robe (worn)
 u - a +2 helmet (worn)
Jewellery
 s - a +2 ring of strength (left hand)
Magical devices
 l - a wand of flame (0)
Scrolls
 q - a scroll of remove curse
 r - 2 scrolls of enchant armour {unknown}
Potions
 g - a potion of brilliance
 o - a potion of curing
 p - a potion of magic {unknown}
 w - a potion of lignification {unknown}
Books
 c - a book of Geomancy

   Spells                             Type                      Level
   a - Sandblast                      Earth                        1
   b - Stoneskin                      Transmutation/Earth          2
   c - Passwall                       Transmutation/Earth          3
   d - Stone Arrow                    Conjuration/Earth            3
   e - Petrify                        Transmutation/Earth          4
   f - Lee's Rapid Deconstruction     Earth                        5
Comestibles
 d - 3 bread rations
 f - a royal jelly
 h - a slice of pizza
 k - a beef jerky
 n - a meat ration


   Skills:
 - Level 1.3 Dodging
 - Level 1.2 Stealth
 * Level 3.1 Spellcasting
 - Level 0.8 Transmutations
 * Level 4.3 Earth Magic


You had 4 spell levels left.
You knew the following spells:

 Your Spells              Type           Power        Failure   Level  Hunger
a - Sandblast             Erth           ###...       3%          1    #......
b - Stoneskin             Trmt/Erth      ##......     12%         2    ##.....
c - Stone Arrow           Conj/Erth      #.....       30%         3    ###....


Dungeon Overview and Level Annotations

Branches:
Dungeon (3/15)

Altars:
Dithmenos
Fedhas

Annotations:
D:2 Sigmund
D:3 Grinder


Innate Abilities, Weirdness & Mutations

You have hooves in place of feet.
Armour fits poorly on your strangely shaped body.
You cover ground very quickly.
You have extremely tough skin (AC +3).


Message History

Grinder gestures.
Grinder blinks!
Drink which item? (? for menu, Esc to quit)
You feel better.
Grinder gestures.
Grinder blinks!
Evoke which item? (* to show all) (? for menu, Esc to quit)
Attack whom?
Press: ? - help, Dir - move target cursor, f/p - Grinder
Aim: Grinder (severely wounded)
You reach to attack!
You barely miss Grinder.
Grinder is severely wounded.
Grinder gestures at you.
You suddenly lose the ability to move!
Grinder hits you.
* * * LOW HITPOINT WARNING * * *
You writhe in agony.
* * * LOW HITPOINT WARNING * * *
Grinder hits you.
You die...

......# #.##.# #.#
......# .. #.#
......# #. #.#
....... #. #.#
....### #. #.# ....#
#. #.# ....# #. #.#
....###########.##.#
....##.........5@..#
##.......###########
#####.### #.# #.#
######.# .......#
########


You could see Grinder.

Vanquished Creatures
  Natasha (twice) (D:2)
  Robin (D:2)
  2 adders (D:2)
  4 worms
  A giant gecko (D:2)
  3 ball pythons
  9 bats
  5 giant cockroaches
  17 hobgoblins
  12 jackals
  9 kobolds
  A quokka (D:3)
  4 giant newts (D:2)
  19 goblins
  3 rats
92 creatures vanquished.

Vanquished Creatures (others)
  A goblin (D:2)
1 creature vanquished.

Grand Total: 93 creatures vanquished

Notes
Turn   | Place    | Note
--------------------------------------------------------------
     0 | D:1      | Chiseanne the Centaur Earth Elementalist began the quest for the Orb.
     0 | D:1      | Reached XP level 1. HP: 14/14 MP: 3/3
    62 | D:1      | Reached skill level 3 in Earth Magic
   593 | D:1      | Reached XP level 2. HP: 7/20 MP: 4/4
  1070 | D:1      | Learned a level 2 spell: Stoneskin
  1587 | D:1      | Reached XP level 3. HP: 23/26 MP: 5/5
  2107 | D:1      | Learned a level 3 spell: Stone Arrow
  2122 | D:2      | Noticed Sigmund
  2664 | D:2      | Found a blossoming altar of Fedhas.
  2859 | D:2      | Reached XP level 4. HP: 20/33 MP: 5/7
  3031 | D:2      | Noticed Natasha
  3045 | D:2      | Killed Natasha
  3045 | D:2      | Reached skill level 4 in Earth Magic
  3412 | D:2      | Found a shadowy altar of Dithmenos.
  3486 | D:2      | Noticed Natasha
  3487 | D:2      | Killed Natasha
  3561 | D:2      | Found a faded altar to an unknown god.
  3787 | D:2      | Noticed Robin
  4582 | D:2      | Reached XP level 5. HP: 33/38 MP: 9/9
  4603 | D:2      | Killed Robin
  5379 | D:3      | Noticed Grinder
  5401 | D:3      | Paralysed by Grinder for 7 turns
  5402 | D:3      | HP: 1/38 [Grinder (6)]
  5403 | D:3      | Slain by Grinder

Vault maps used:
D:1:      dpeg_arrival_rooms_b, minmay_misc_feat_ornament
D:2:      grunt_dithmenos_smoke_and_mirrors, ecumenical_altar_1, first_bread,
          minivault_19, minmay_fountain_box, columned_hall_lemuel,
          fedhas_altar_2, uniq_robin, uniq_natasha, uniq_sigmund
D:3:      minivault_4, uniq_grinder

Action                   |  1- 3 |  4- 6 || total
-------------------------+-------+-------++-------
Melee: Club              |    41 |       ||    41
       Hand axe          |   102 |    48 ||   150
       Spear             |       |    45 ||    45
 Cast: Sandblast         |    58 |    51 ||   109
       Stoneskin         |     1 |     1 ||     2
Evoke: Wand              |       |     5 ||     5
  Use: Scroll            |     8 |       ||     8
       Potion            |     3 |     6 ||     9
 Stab: Invisible         |     2 |     1 ||     3
  Eat: Chunk             |     7 |     5 ||    12
       Fruit             |       |     3 ||     3
